 Dungeon Crawl Stone Soup version 0.27.1-33-g824d729ab1 (webtiles) character file.

Game seed: 8391862350234735124

23 zeram the Sneak (level 2, -1/19 HPs)
             Began as an Octopode Brigand on Dec 14, 2021.
             Succumbed to an adder's poison
             ... on level 2 of the Dungeon.
             The game lasted 00:00:42 (451 turns).

zeram the Sneak (Octopode Brigand)                   Turns: 451, Time: 00:00:43

Health: -1/19      AC:  1    Str:  8 (10) XL:     2   Next: 95%
Magic:  2/2        EV: 12    Int: 12 (13) God:
Gold:   20         SH:  0    Dex: 10 (13) Spells: 1/1 levels left

rFire    . . .     SeeInvis .   a - +2 dagger
rCold    . . .     Faith    .   (no shield)
rNeg     . . .     Spirit   .   (helmet restricted)
rPois    .         Reflect  .   (no amulet)
rElec    .         Harm     .   (no ring)
rCorr    .         Rampage  .   (no ring)
Will     .....                  (no ring)
Stlth    ++++......             (no ring)
HPRegen  0.06/turn              (no ring)
MPRegen  0.08/turn              (no ring)
                                (no ring)
                                (no ring)

@: lethally poisoned (-1 -> -13)
A: almost no armour, amphibious, 8 rings, camouflage 1, gelatinous body 1,
(nimble swimmer 1), tentacles
a: no special abilities


You were on level 2 of the Dungeon.
You visited 1 branch of the dungeon, and saw 2 of its levels.

You collected 20 gold pieces.

Inventory:

Hand Weapons
 a - a +2 dagger (weapon)
Missiles
 b - 18 poisoned darts (quivered)
 c - 2 curare-tipped darts
Scrolls
 e - a scroll of magic mapping {unknown}


   Skills:
 - Level 2.0 Fighting
 - Level 2.0 Short Blades
 - Level 2.0 Throwing
 - Level 1.0 Dodging
 + Level 6.6 Stealth


You had one spell level left.
You didn't know any spells.
Your spell library was empty.

Dungeon Overview and Level Annotations

Branches:
Dungeon (2/15)

Altars:


Innate Abilities, Weirdness & Mutations

You cannot wear most types of armour.
You are amphibious.
You can wear up to eight rings at the same time.
Your skin changes colour to match your surroundings (Stealth+).
Your rubbery body absorbs attacks. (AC +1, EV +1)
((You are camouflaged near water. (Stealth+)))
You have tentacles for arms and can constrict up to eight enemies at once.


Message History

No target in view!
No target in view!
You see here a rat corpse.
b - 18 poisoned darts (gained 10)
Found 7 arrows.
Found a stone staircase leading down.
Found a pair of boots.
A ball python comes into view.
A ball python is nearby!
A ball python is nearby!
A ball python is nearby!
Found 32 sling bullets.
An adder comes into view.
Found a stone staircase leading down.
The adder hisses angrily.
You closely miss the adder. Your grab misses the adder. The adder bites you.
You are poisoned.
The adder poisons you!
You hit the adder. Your grab misses the adder.
The adder is heavily wounded.
You feel sick. The adder bites you.
You are more poisoned.
The adder poisons you!
You closely miss the adder. Your grab misses the adder.
Your squeeze misses the adder.
The adder is heavily wounded.
You feel sick. The adder bites you.
You are lethally poisoned!
The adder poisons you! The adder closely misses you.
You are too injured to fight recklessly!
You are too injured to fight recklessly!
It was a potion of degeneration.
There was something very wrong with that liquid.
You feel weakened.
You feel dopey.
You feel clumsy.
You feel sick. The adder bites you.
* * * LOW HITPOINT WARNING * * *
You are more poisoned.
The adder poisons you!
You hit the adder. Your grab misses the adder.
The adder is severely wounded.
You die...

#### ##....(.... #...
....#.....># .##...
............
......###.#..........
...[.#. #..........
.... #.....S.... #(
##.####..........
#.###......>.........
#.#....##....@S.....#
.
#...#..##...♣.♣.....#
#.##..#..##..#.♣.♣
....#
#.......##..#..♣.♣
#..+
...............#.. .#
........###.###### #
....###.##..## ...#
##......# ...
##.P....[#


You could see an adder and a ball python (asleep).

Vanquished Creatures
  2 dart slugs (D:1)
  An endoplasm (D:1)
  2 goblins (D:1)
  2 hobgoblins (D:1)
  2 jackals (D:1)
  A kobold (D:1)
  2 quokkas (D:1)
  2 ball pythons (D:1)
  A bat (D:2)
  2 rats
17 creatures vanquished.

Notes
Turn   | Place    | Note
-------+----------+-------------------------------------------
     0 | D:1      | zeram the Octopode Brigand began the quest for the Orb.
     0 | D:1      | Reached XP level 1. HP: 14/14 MP: 1/1
    67 | D:1      | Reached XP level 2. HP: 19/19 MP: 2/2
    88 | D:1      | Reached skill level 6 in Stealth
   451 | D:2      | Succumbed to an adder's poison

Illustrated notes

Levels and vault maps discovered:
D:1:      dpeg_arrival_orchard, layout_rooms
D:2:      layout_rooms, serial_forest, infiniplex_forest_straight_2,
          infiniplex_forest_diagonal, infiniplex_forest_clump_small,
          infiniplex_forest_end_1, infiniplex_forest_clump_diagonal,
          infiniplex_forest_zigzag_1, infiniplex_forest_clump_tiny,
          infiniplex_forest_clump_curved, infiniplex_forest_straight_1,
          hangedman_glass_garden, amcnicky_mini_rare_corridor_liquid,
          moated_statue

Skill      XL: |  1  2 |
---------------+-------+-----
Stealth        | 6 |  6.6
Fighting       | |  2.0
Short Blades   | |  2.0
Throwing       | |  2.0
Dodging        | |  1.0

Action                   || total
-------------------------++-------
Melee: Dagger            ||    26
       Constrict         ||     2
       Tentacles         ||     2
  Use: Potion            ||     1
 Stab: Sleeping          ||    15
Dodge: Dodged            ||     4
